[Event "Baku Open 2024"]
[Site "Baku"]
[Date "2024.07.01"]
[Round "3.12"]
[White "Aarav Sinha"]
[Black "Asadli, Vugar"]
[Result "0-1"]
[ECO "C55"]
[WhiteElo "2300"]
[BlackElo "2560"]
[Annotator "TA"]
[PlyCount "62"]
[EventDate "2024.06.29"]
[EventType "swiss"]
[EventCountry "AZE"]
[SourceTitle "playchess.com"]
[Source "ChessBase"]
[SourceQuality "1"]
[TimeControl "5400+30"]

1. e4 e5 2. Nf3 Nc6 3. Bc4 Nf6 4. d3 Be7 5. c3 O-O 6. O-O d5 7. exd5 Nxd5 8. Re1 Bg4 9. h3 Bh5 10. Nbd2 Nb6 11. Bb5 f6 12. Bxc6 bxc6 {[%emt 0:00:14] The position is equal.} 13. Ne4 c5 14. Ng3 Bg6 15. d4 exd4 16. cxd4 c4 17. Bd2 Re8 18. b3 Bd6 19. Rxe8+ Qxe8 20. Nh4 {[%emt 0:03:39] [#]} (20. Qc1 $15) 20... c3 $1 $17 {[%emt 0:06:07] Threatens to win with ...Bxg3.} 21. Nxg6 cxd2 22. Nh4 Bxg3 23. fxg3 Qe3+ 24. Kh2 Qxd4 {[%emt 0:00:10] Hoping for ...Rd8. Black is much more active.} 25. Rb1 $2 {[%emt 0:01:04][%mdl 8192] Now White is beyond hope.} (25. Nf3 $17 Qc3 26. Qg1 (26. Nxd2 $2 Rd8 $19)) 25... Rd8 $19 {[%emt 0:04:09] White must now prevent ...Qd3.} 26. Nf3 Qc3 27. Qe2 {[%emt 0:06:07] [#]} Qc1 $1 28. Qe6+ Kh8 29. Qe7 {[%emt 0:00:18] Black is winning.} Rc8 (29... d1=R $2 {perishes.} 30. Rxc1 R1d7 31. Qc5 $18) 30. Nxd2 Qxd2 31. Re1 Qd7 {[%emt 0:00:33] Prevents Qe8+.   Weighted Error Value: White=0.26 (precise) /Black=0.05 (flawless) .  Loses game:     	White=1     	---        Mistake:       	White=1     	---        OK:         	White=6     	Black=9      Best:        	White=3     	Black=3      Strong:       	---       	Black=1} ({Weaker is} 31... Qxa2 32. Qe8+ Rxe8 33. Rxe8#) 0-1

[Event "Baku Open 2024"]
[Site "Baku"]
[Date "2024.07.01"]
[Round "3.13"]
[White "Moosavifar, Seyed Abolfazl"]
[Black "Shyam, Sundar M."]
[Result "0-1"]
[ECO "B03"]
[WhiteElo "2283"]
[BlackElo "2493"]
[Annotator "TA"]
[PlyCount "144"]
[EventDate "2024.06.29"]
[EventType "swiss"]
[EventCountry "AZE"]
[SourceTitle "playchess.com"]
[Source "ChessBase"]
[SourceQuality "1"]
[TimeControl "5400+30"]

1. e4 Nf6 2. e5 Nd5 3. d4 d6 4. c4 Nb6 5. f4 dxe5 6. fxe5 Bf5 7. Be3 e6 8. Nc3 Bb4 $1 {[%emt 0:02:21] The main line 8...Bb4 scores better than 8...Nc6.} 9. a3 {[%emt 0:06:02] B03: Alekhine's Defence: Four Pawns Attack.} Bxc3+ 10. bxc3 Qh4+ 11. Bf2 Qe4+ 12. Be2 Nc6 13. Kf1 O-O-O $146 ({Predecessor:} 13... O-O 14. Nf3 Na5 15. Nd2 Qc2 16. Qxc2 Bxc2 17. Rc1 Bg6 18. Ke1 Rfd8 19. h4 h6 {1-0 Szurovszky,E-Ponyi,A Salgotarjan 1979}) 14. Nf3 f6 15. c5 Nd5 16. Qd2 Nf4 17. Bg3 fxe5 18. Bxf4 Qxf4 19. Qxf4 exf4 20. Bb5 Ne7 21. Bc4 Nd5 22. Bxd5 exd5 23. Ne5 Rde8 24. h4 b6 25. c6 Rhf8 26. Kf2 (26. h5 $142) 26... Be4 (26... Re6 $142 27. Nd7 Rg8) 27. Ra2 (27. h5 $142) 27... Rf6 28. Re2 Rxe5 29. dxe5 Rxc6 30. Rc1 {[%emt 0:04:53] [#]} (30. Rd1 $17) 30... Rg6 $1 $19 31. Rg1 Rg3 32. e6 (32. c4 $142) 32... Kd8 $19 ({And not} 32... Rxc3 33. Rd1 Rc4 (33... Rxa3 $2 34. Rxe4 dxe4 35. e7 $18) 34. e7 $16) 33. c4 c6 34. cxd5 cxd5 ({Weaker is} 34... Bxd5 35. e7+ Ke8 36. a4 $11) 35. a4 Ke7 36. a5 bxa5 37. Ra2 Kxe6 38. Rxa5 Rb3 39. Ra2 Kf5 40. Re1 (40. Rc1 $142) 40... h5 $19 41. Rxa7 g6 42. Ra2 Kg4 43. Rh1 Rg3 44. Rh2 Rc3 (44... d4 $2 45. Ra4 $17) 45. Rh1 Rg3 46. Rh2 d4 (46... f3 $142 47. gxf3+ Rxf3+ 48. Kg1 Rh3) 47. Ra5 Bf5 48. Ra4 $2 (48. Rh3) 48... Rd3 49. Ra2 (49. Rh3 $142 Rd2+ 50. Kf1) 49... Re3 50. Rd2 d3 51. Rh1 Be4 52. Rh2 Bf5 $2 (52... Bb7 53. Rh3 Rxh3 54. gxh3+ Kxh3 55. Rxd3+ Kxh4) 53. Rh1 $1 $19 Re8 54. Rh2 (54. Rg1 $142 Kxh4 55. g3+ fxg3+ 56. Rxg3) 54... Rc8 $19 55. Rh3 Be4 56. Ke1 Rc7 (56... Rc1+ $142 57. Kf2 Rc2 58. Rxc2 dxc2) 57. Kf2 (57. Rhxd3 $142 Bxd3 (57... Kxh4 58. Rd4 $11) 58. Rxd3 Kxh4 59. Rf3) 57... Rc1 $2 (57... Rc2 58. Rxc2 dxc2) 58. Ra2 $2 (58. Rhxd3 Bxd3 (58... Kxh4 59. Rd4 $14) 59. Rxd3 Kxh4 60. Kf3) 58... Rc2+ $19 59. Rxc2 dxc2 60. Rh1 Bd3 61. Ra1 Bf5 62. Rh1 Be4 63. Ra1 Kxh4 64. Kg1 g5 65. Kf2 g4 66. Rh1+ Kg5 67. Ra1 g3+ 68. Kg1 Kg4 69. Re1 h4 70. Rc1 h3 71. gxh3+ Kxh3 72. Re1 f3 0-1

[Event "Baku Open 2024"]
[Site "Baku"]
[Date "2024.07.01"]
[Round "3.14"]
[White "Tsaruk, Maksim"]
[Black "Mohamed Anees M"]
[Result "1/2-1/2"]
[ECO "C41"]
[WhiteElo "2480"]
[BlackElo "2306"]
[Annotator "TA"]
[PlyCount "93"]
[EventDate "2024.06.29"]
[EventType "swiss"]
[EventCountry "AZE"]
[SourceTitle "playchess.com"]
[Source "ChessBase"]
[SourceQuality "1"]
[TimeControl "5400+30"]

1. e4 d6 2. d4 Nf6 3. Nc3 e5 4. Nf3 Nbd7 5. Bc4 Be7 6. O-O O-O 7. a4 c6 8. Re1 h6 9. h3 Re8 10. Ba2 Bf8 11. Be3 b6 12. Qd3 {[%emt 0:08:09] White is slightly better.} (12. dxe5 {simplifies} Nxe5 13. Nxe5 dxe5 14. Qxd8 Rxd8 15. Bc4) 12... Bb7 13. Rad1 a6 ({Black should play} 13... d5 $14) 14. dxe5 $16 dxe5 15. Nh4 $1 {[%emt 0:00:46][%cal Bf3h4,Bh4f5,Bf5h6,Bh6f7][%mdl 32] White has more active pieces.} b5 {[%emt 0:00:00] [#]} (15... Bc8 $142 16. Qc4 Re6) 16. Bxh6 $1 $18 gxh6 17. Qg3+ Kh8 18. Bxf7 Bg7 $2 (18... Re7 {was worth a try.} 19. Ng6+ Kh7) 19. Nf5 Rg8 20. Qg6 Qc7 {[%emt 0:00:00] ...Nf8 is the strong threat.} 21. Bxg8 ({Resist} 21. Nxh6 $6 Nf8 22. Qf5 Bc8 $18) 21... Rxg8 22. Nxh6 Rf8 23. Nf7+ Kg8 24. Ng5 {[%emt 0:07:48] And now Ne6 would win.} Qc8 25. Ne6 Rf7 26. Rd6 Nf8 27. Nxf8 Rxf8 28. Red1 c5 29. axb5 axb5 30. f3 Bc6 31. Ne2 Be8 32. Qg5 Nh5 33. Rd8 Qe6 34. R1d6 Qf7 35. Rh6 (35. Ra8 $142) 35... Nf4 {[%emt 0:00:00] [#]} (35... Nf6 {is a better defense.} 36. Rh4 Nh7) 36. Nxf4 $2 (36. Ng3 $1 $18 Ne6 37. Rxe6 Qxe6 38. Nf5) 36... Qxf4 $14 37. h4 (37. Qxf4 $16 {White threatens Qg5 and mate.} exf4 38. Rb6 (38. Re6 Kf7 $14) 38... Bxb2 39. Kh1) 37... Qxg5 $11 {[%emt 0:00:00] The position is equal.} 38. hxg5 Bxh6 39. gxh6 {[%emt 0:00:04][%mdl 4096] Endgame. KRB-KR} Kh7 40. b3 Kxh6 41. Rc8 Kg6 42. Rxc5 Kf6 43. Rc8 Ke7 44. Kf2 Rh8 45. Rc5 Kd6 46. Rc8 Ke7 47. Rc5 {[%emt 0:00:05] White really could win this.   Weighted Error Value: White=0.26 (precise) /Black=0.37.  Missed win:     	White=1     	---        Mistake:       	White=2     	Black=4      Inaccurate:     	White=1     	Black=2      OK:         	White=19    	Black=15     Best:        	White=2     	Black=2} 1/2-1/2

[Event "Baku Open 2024"]
[Site "Baku"]
[Date "2024.07.01"]
[Round "3.15"]
[White "Suleimen, Ergali"]
[Black "Assaubayeva, Bibisara"]
[Result "0-1"]
[ECO "C88"]
[WhiteElo "2254"]
[BlackElo "2472"]
[Annotator "RC"]
[PlyCount "112"]
[EventDate "2024.06.29"]
[EventType "swiss"]
[EventCountry "AZE"]
[SourceTitle "playchess.com"]
[Source "ChessBase"]
[SourceQuality "1"]
[TimeControl "5400+30"]

1. e4 e5 2. Nf3 Nc6 3. Bb5 a6 4. Ba4 Nf6 5. O-O Be7 6. Re1 b5 7. Bb3 O-O 8. a4 Rb8 9. c3 d6 10. axb5 axb5 11. d4 exd4 12. cxd4 d5 13. e5 Ne4 14. Nc3 Nxc3 15. bxc3 Bf5 16. Be3 Qd7 17. Qe2 Nd8 18. Nd2 Bg6 19. f4 f5 20. exf6 Bxf6 21. g4 b4 22. c4 Nc6 23. Qg2 Bxd4 24. Qxd5+ Qxd5 25. cxd5 Bxe3+ 26. Rxe3 Nd4 27. f5 Bf7 28. Rc1 Rfe8 29. Rxe8+ Rxe8 30. Rxc7 Nxb3 31. Nxb3 Bxd5 32. Nc5 b3 33. Nxb3 Bxb3 34. Kf2 Bd1 35. Rc4 h6 36. Rd4 Bc2 37. Rd2 Be4 38. Re2 Kf7 39. h3 Re7 40. Rd2 Bb7 41. Rd6 Rc7 42. Rd3 Be4 43. Re3 Rc4 44. Kg3 Kf6 45. Ra3 Bb7 46. Re3 Rb4 47. Rd3 Ke5 48. Re3+ Be4 49. Ra3 Rd4 50. Ra7 Rd3+ 51. Kh4 Bg2 52. Kh5 Kf6 53. Ra6+ Kf7 54. h4 Bf3 55. Ra4 Kg8 56. Kg6 Bc6 0-1

[Event "Baku Open 2024"]
[Site "Baku"]
[Date "2024.07.01"]
[Round "3.16"]
[White "Agmanov, Zhandos"]
[Black "Khamdamova, Afruza"]
[Result "1/2-1/2"]
[ECO "C92"]
[WhiteElo "2464"]
[BlackElo "2291"]
[Annotator "TA"]
[PlyCount "158"]
[EventDate "2024.06.29"]
[EventType "swiss"]
[EventCountry "AZE"]
[SourceTitle "playchess.com"]
[Source "ChessBase"]
[SourceQuality "1"]
[TimeControl "5400+30"]

1. e4 e5 2. Nf3 Nc6 3. Bb5 a6 4. Ba4 Nf6 5. O-O Be7 6. Re1 b5 7. Bb3 d6 8. c3 O-O 9. h3 Bb7 10. d4 Re8 11. a3 h6 12. Ba2 Bf8 13. d5 Ne7 14. b3 c6 15. c4 a5 16. Nc3 b4 17. dxc6 Nxc6 18. Nd5 bxa3 19. Nxf6+ Qxf6 20. Bb1 Rab8 21. Bxa3 Bc8 22. Re3 Be7 23. Rd3 Nb4 24. Bxb4 axb4 25. Ne1 Bb7 26. Re3 Bd8 27. Nc2 Bb6 28. Rf3 Qg6 29. Ne3 (29. Nxb4 {keeps more tension.} Bd4 30. Ra2 Bxe4 31. Bxe4 Qxe4 32. Re2) 29... Bxe3 30. Rxe3 Ra8 31. Bd3 Bc6 (31... Ra3 $11) 32. Rxa8 $14 Rxa8 33. Qe1 Rb8 34. Re2 Qg5 35. Ra2 Qd8 36. Ra6 Qc7 37. Qe3 Qb7 38. Ra7 Qb6 39. Qxb6 Rxb6 40. f3 Kf8 41. Kf2 Ke8 42. Ke3 Rb8 43. f4 exf4+ 44. Kxf4 Rb7 ({Better is} 44... Ra8 $11 45. Rxa8+ Bxa8) 45. Ra6 $14 Kd7 46. g4 Kc7 47. e5 dxe5+ 48. Kxe5 Rb8 49. Ra7+ Bb7 50. c5 Re8+ 51. Kd4 Kb8 52. Ra1 (52. Ra4 $16) 52... Rd8+ (52... Kc7 $14) 53. Kc4 $16 Bd5+ {[%emt 0:00:11] [#]} 54. Kxb4 (54. Kb5 $1 $16) 54... Bxb3 $1 $11 55. Bb5 Rd1 56. Ra6 Bd5 57. Rd6 Bf3 $1 58. Bc4 Rxd6 59. cxd6 h5 (59... Bg2 $11) 60. g5 (60. Bxf7 $16 hxg4 61. Bh5) 60... f6 $11 61. gxf6 gxf6 62. Be6 Kb7 63. Kc5 h4 64. Bf5 Bg2 65. Bd7 Bf3 66. Be6 Bg2 67. Bg4 (67. d7 $5 Kc7 $8 68. Kd4 $11) 67... Bh1 68. Bf5 (68. d7 $5 Kc7 $8 69. d8=R Kxd8 70. Kd6 $11) 68... Bg2 69. Be6 Bf3 70. Bd7 Bg2 71. Bf5 Bf3 72. Bd3 Kc8 73. Ba6+ Kd8 74. Bc4 f5 75. Be6 f4 76. Kd4 Bc6 77. Bg4 Bb7 78. Kd3 Bc6 79. Kd4 Bb7 1/2-1/2

[Event "Baku Open 2024"]
[Site "Baku"]
[Date "2024.07.01"]
[Round "3.17"]
[White "Ilamparthi A R"]
[Black "Saravana, Krishnan P."]
[Result "1-0"]
[ECO "A04"]
[WhiteElo "2446"]
[BlackElo "2236"]
[Annotator "TA"]
[PlyCount "71"]
[EventDate "2024.06.29"]
[EventType "swiss"]
[EventCountry "AZE"]
[SourceTitle "playchess.com"]
[Source "ChessBase"]
[SourceQuality "1"]
[TimeControl "5400+30"]

1. Nf3 Nf6 2. g3 c5 3. Bg2 Nc6 4. O-O e5 5. d3 d6 6. e4 g6 7. Nc3 Bg7 8. Nd2 {[%emt 0:00:09] The position is equal.} O-O 9. Nc4 Bg4 10. f3 Be6 11. Ne3 d5 12. exd5 Bxd5 13. Nexd5 (13. Ncxd5 {simplifies} Nxd5 14. c3 Nde7 15. a4) 13... Nxd5 14. Nxd5 Qxd5 15. f4 Qd4+ 16. Kh1 exf4 17. c3 Qd7 18. Bxf4 Rad8 19. Bg5 f6 20. Be3 {[%emt 0:01:08] This pair of bishops is nice.} b6 21. Qa4 Ne5 22. Qb3+ Qf7 23. d4 $132 {[%emt 0:01:01][%mdl 2048] White is fighting back} Nc4 24. Bg1 cxd4 25. cxd4 f5 26. Rad1 Kh8 27. Rfe1 Nd6 28. Re6 f4 {[%emt 0:02:26] White must now prevent ...f3.} 29. gxf4 Nf5 30. d5 Nh4 {[%emt 0:01:05] [#]} (30... Rd6 $14) 31. Be4 $1 $16 Qxf4 (31... Rde8 $16) 32. d6 $18 Be5 $2 (32... Nf5 {might work better.}) 33. Qd5 Bxb2 (33... Bg7 34. d7 Nf5) 34. Bd4+ {[%emt 0:02:48] White is clearly winning.} Bxd4 35. Qxd4+ Kg8 {[%emt 0:00:08] [#]} 36. Re8 $3 {[%emt 0:00:10][%mdl 512] Weighted Error Value: White=0.10 (very precise) /Black=0.21 (precise) .  Mistake:       	---       	Black=4      Inaccurate:     	White=1     	Black=1      OK:         	White=9     	Black=15     Best:        	White=3     	Black=1      Strong:       	White=1     	---} 1-0

[Event "Baku Open 2024"]
[Site "Baku"]
[Date "2024.07.01"]
[Round "3.18"]
[White "Davidov, Samir"]
[Black "Suyarov, Mukhammadzokhid"]
[Result "1/2-1/2"]
[ECO "A06"]
[WhiteElo "2244"]
[BlackElo "2430"]
[Annotator "TA"]
[PlyCount "59"]
[EventDate "2024.06.29"]
[EventType "swiss"]
[EventCountry "AZE"]
[SourceTitle "playchess.com"]
[Source "ChessBase"]
[SourceQuality "1"]
[TimeControl "5400+30"]

1. Nf3 Nf6 2. b3 d5 3. e3 c5 4. Bb2 Nc6 5. Bb5 Bd7 6. Bxc6 Bxc6 7. O-O e6 8. Ne5 {[%emt 0:01:27] The position is equal.} Bd6 9. f4 O-O 10. Rf3 Bxe5 11. fxe5 Nd7 12. Rg3 f6 13. exf6 Nxf6 14. d3 Qc7 15. Qe1 e5 16. Nd2 Rae8 17. Qe2 d4 18. e4 {[%emt 0:00:20] Inhibits Nd5.} Qe7 19. Rf1 b5 20. Bc1 h6 21. Rf2 Bd7 22. h3 g5 23. Nf1 {[%emt 0:02:26] And now h4 would win.} Kh7 24. Nh2 Qg7 25. Rgf3 Re7 (25... Be6 $11 {remains equal.}) 26. Qf1 (26. c3 $16) 26... Ref7 $11 27. g4 Be6 28. Ba3 (28. Qe1 $14) 28... b4 29. Bc1 Kg8 30. Qg2 {[%emt 0:02:32] Weighted Error Value: White=0.12 (very precise) /Black=0.13 (very precise) .  Mistake:       	White=2     	Black=1      Inaccurate:     	White=1     	Black=2      OK:         	White=9     	Black=4      Best:        	---       	Black=2} 1/2-1/2

[Event "Baku Open 2024"]
[Site "Baku"]
[Date "2024.07.01"]
[Round "3.19"]
[White "Zverev, Lev"]
[Black "Rustamov, Rustam"]
[Result "1-0"]
[ECO "B55"]
[WhiteElo "2416"]
[BlackElo "2285"]
[Annotator "TA"]
[PlyCount "87"]
[EventDate "2024.06.29"]
[EventType "swiss"]
[EventCountry "AZE"]
[SourceTitle "playchess.com"]
[Source "ChessBase"]
[SourceQuality "1"]
[TimeControl "5400+30"]

1. e4 c5 2. Nf3 d6 3. d4 cxd4 4. Nxd4 Nf6 5. f3 e5 6. Nb3 d5 7. Bg5 d4 8. c3 Nc6 9. cxd4 {[%emt 0:00:38] Strongly threatening d5. White has an edge.} Bb4+ 10. Bd2 Nxe4 11. Bxb4 Qh4+ 12. g3 Nxg3 13. hxg3 Qxh1 14. Bc5 Bh3 15. N1d2 {[%emt 0:00:08] Threatens to win with dxe5.} O-O-O 16. Qc2 {[%emt 0:00:17] [#] Hoping for 0-0-0.} Bxf1 17. O-O-O Qh6 18. Rxf1 {[%emt 0:00:18] And now dxe5 would win.} b6 $1 19. Ba3 Kb8 20. Qf5 Qg6 21. Qxg6 hxg6 22. dxe5 Nxe5 23. Ne4 Nc4 {[%emt 0:01:58] Wards off Bd6+} (23... Rc8+ $5 24. Kb1 Nxf3 $11) 24. Bb4 Rh2 25. Nbd2 Ne3 26. Re1 Nd5 27. Bd6+ Ka8 {[%emt 0:00:14] [#] aiming for ...f5.} 28. Ba3 Re8 {[%emt 0:03:33] ...f5 would now be deadly.} 29. Nf1 Rf2 {[%emt 0:11:26][%mdl 8192] A mistake that costs the game.} (29... Rg2 $11 {and Black stays safe.} 30. Rd1 Rc8+ 31. Kb1 Rg1) 30. Ne3 $18 Rxf3 31. Nxd5 Kb8 {[%emt 0:02:03] Repels Nc7} 32. Ne7 {[%emt 0:03:45] Nd6 is the strong threat.} Rxa3 33. Nd6 (33. bxa3 Rxe7 34. Kd2 Kc7 35. Rc1+ Kd7 $18) 33... Rxe7 34. Rxe7 Rxg3 {[%emt 0:00:02][%mdl 4096] Endgame. KRN-KR} 35. Rb7+ ({Don't play} 35. Nxf7 Rg1+ 36. Kc2 Rg2+ 37. Kb3 Rg3+ 38. Ka4 Rg4+ 39. b4 Rg2 $18) ({Don't do} 35. Rxf7 g5 36. Rb7+ (36. Rxg7 Rg2 $18) 36... Ka8 37. Rxg7 Kb8 $18) 35... Ka8 36. Rxf7 a6 37. a3 g5 38. Rxg7 g4 (38... Rg2 {keeps fighting.} 39. Kb1 b5) 39. Nc4 {[%emt 0:00:10] White is clearly winning.} Rg1+ 40. Kc2 g3 41. Nxb6+ Kb8 42. Nc4 Kc8 43. Nd6+ Kd8 44. Nf5 {[%emt 0:00:00] Weighted Error Value: White=0.18 (very precise) /Black=0.30.  Loses game:     	---       	Black=1      Mistake:       	---       	Black=1      Inaccurate:     	---       	Black=2      OK:         	White=18    	Black=11     Best:        	White=5     	Black=5      Strong:       	---       	Black=1} 1-0

[Event "Baku Open 2024"]
[Site "Baku"]
[Date "2024.07.01"]
[Round "3.20"]
[White "Aleksandrov, Aleksej"]
[Black "Md Imran"]
[Result "1-0"]
[ECO "D30"]
[WhiteElo "2405"]
[BlackElo "2180"]
[Annotator "TA"]
[PlyCount "157"]
[EventDate "2024.06.29"]
[EventType "swiss"]
[EventCountry "AZE"]
[SourceTitle "playchess.com"]
[Source "ChessBase"]
[SourceQuality "1"]
[TimeControl "5400+30"]

1. d4 d5 2. c4 dxc4 3. e3 Nf6 4. Bxc4 e6 5. a3 c5 6. Nf3 a6 {[%emt 0:00:03] D30: Queen's Gambit Declined: Systems without Nc3.} 7. dxc5 Qd6 8. Qd2 Qxd2+ 9. Kxd2 Bxc5 10. Ke2 b5 11. Bd3 Bb7 12. Nbd2 Nbd7 13. b4 Bd6 14. Bb2 O-O $146 ({Predecessor:} 14... Nb6 15. Rac1 Rc8 16. Rxc8+ Nxc8 17. Rc1 Nb6 18. g3 O-O 19. Bd4 Nbd7 20. e4 e5 21. Bb2 Rc8 22. Rxc8+ Bxc8 {½-½ Ilincic,Z (2289)-Xiao,T (2452) Budapest SixDays 09 GM 2023 (8)}) 15. Rhd1 Rac8 16. Rac1 Rfd8 17. e4 Be7 18. Bd4 Kf8 19. h3 h6 20. g3 Ne8 21. Nb3 Nd6 22. Nfd2 f5 23. exf5 Nxf5 24. Be4 Bd5 25. Bxd5 exd5 26. Nf3 Nd6 27. Bc5 Nc4 28. Bxe7+ (28. Rxd5 Nxc5 29. Rxd8+ Rxd8) 28... Kxe7 29. Nfd4 Re8 30. Kf1 Kf6 31. Ra1 g5 32. Ra2 h5 33. a4 a5 $2 (33... bxa4 $11 34. Rxa4 a5) 34. axb5 $18 ({Not} 34. bxa5 bxa4 35. Nd2 (35. Rxa4 Nb2 $17) 35... Nde5 $14) 34... axb4 35. Nc6 Ncb6 36. Nxb4 Rc3 37. Nd4 (37. Nxd5+ Nxd5 38. Rxd5 Rxb3 $16) 37... h4 38. Rc2 Rec8 39. Nbc6 (39. Re2 $18) 39... Rxc2 $16 40. Nxc2 Ne5 41. gxh4 gxh4 42. N2b4 Nxc6 43. Nxc6 Ke6 $1 44. Rd4 Rh8 45. Nb4 Kd6 $1 46. Nd3 Nc4 47. Nf4 Nb6 $1 48. Nd3 Nc4 49. Nf4 Nb6 $1 50. Ng6 Rh6 51. Nxh4 (51. Rxh4 $2 {loses.} Rxg6 52. Ke1 Re6+ 53. Kd2 Rf6 $19) 51... Kc5 52. Rg4 Kxb5 53. Kg2 Kc5 54. Nf5 Rf6 55. Ng3 Nc4 56. h4 Ne5 57. Rg5 Kd6 ({Black should play} 57... Kd4 $14) 58. Nf5+ $18 Kd7 59. Ne3 Nf3 (59... Ng6 $16 {might work better.}) 60. Rxd5+ $18 Ke6 61. h5 Ne1+ 62. Kg1 Nf3+ 63. Kg2 Ne1+ 64. Kg1 Nf3+ $1 65. Kf1 Rf4 (65... Kf7 $142 66. Rd7+ Kg8) 66. Ra5 $18 Nd2+ 67. Kg2 Ne4 $2 (67... Kf7 {is a better defense.} 68. f3 Kf8) 68. f3 $18 Nd2 69. Ra6+ Kf7 70. Ng4 Kg8 71. Ra3 Kh7 72. Kg3 Rf5 73. Rd3 Nc4 74. f4 (74. Rd7+ $142 Kh8 75. Rd8+ Kg7 76. h6+ Kh7 77. Rd7+ Kh8 78. f4) 74... Rf7 $18 75. Rd4 Na5 76. Ne5 Rg7+ 77. Kh4 Nb7 78. Rd5 Rc7 79. Ng4 1-0

[Event "Baku Open 2024"]
[Site "Baku"]
[Date "2024.07.01"]
[Round "3.21"]
[White "Israilov, Agil"]
[Black "Fataliyeva, Ulviyya"]
[Result "1/2-1/2"]
[ECO "C55"]
[WhiteElo "2141"]
[BlackElo "2399"]
[Annotator "TA"]
[PlyCount "77"]
[EventDate "2024.06.29"]
[EventType "swiss"]
[EventCountry "AZE"]
[SourceTitle "playchess.com"]
[Source "ChessBase"]
[SourceQuality "1"]
[TimeControl "5400+30"]

1. e4 e5 2. Nf3 Nc6 3. Bb5 a6 4. Ba4 Nf6 5. O-O Be7 6. d3 b5 7. Bb3 d6 8. a4 Bd7 9. c3 Na5 10. Bc2 c5 11. Nbd2 O-O 12. axb5 axb5 13. Re1 h6 14. Nf1 Qc7 15. Ng3 Rfe8 16. Nh4 Bg4 17. f3 Bd7 18. Nhf5 Bf8 19. f4 Nc6 20. Rxa8 Rxa8 21. Rf1 Ra1 22. fxe5 Nxe5 23. Qe2 Qa7 24. h3 Qa2 25. Qf2 Nh7 (25... Be6 $11) 26. d4 $14 Ng6 27. h4 (27. Ne3 {feels hotter.} Qe6 28. Nh5 Ng5 29. Nd5) 27... Bxf5 28. Nxf5 {[%emt 0:00:41] [#] And now h5 would win.} h5 29. Qe2 b4 30. cxb4 {[%emt 0:03:11] With the idea e5.} (30. Qxh5 $2 bxc3 31. Qf3 cxb2 $19) 30... cxb4 (30... cxd4 $1 $11 31. Nxd4 Qa7) 31. Qf3 {[%emt 0:03:20] White is more active.} (31. Qxh5 $16 {aiming for Qf3.} d5 32. Qe2) 31... Nf6 32. Bb3 Qa7 $1 {[%emt 0:00:29] [#]} 33. Nh6+ $1 {[%emt 0:11:01] The position is equal.} Kh7 $1 34. Nxf7 Qxd4+ 35. Kh1 {[%emt 0:00:13] Strongly threatening Ng5+.} Qc5 (35... Nxh4 $2 {is the wrong capture.} 36. Ng5+ Kh6 37. Ne6+ Kh7 38. Qe2 $18 (38. Nxf8+ Kh8 $18) (38. Nxd4 Nxf3 39. gxf3 g6 $18)) 36. Ng5+ Kh8 37. Nf7+ Kh7 38. Ng5+ Kh8 39. Nf7+ {[%emt 0:05:16] Weighted Error Value: White=0.11 (very precise) /Black=0.13 (very precise) .  Mistake:       	White=1     	Black=2      Inaccurate:     	White=4     	Black=1      OK:         	White=11    	Black=7      Best:        	White=1     	Black=3      Strong:       	---       	Black=2} 1/2-1/2

[Event "Baku Open 2024"]
[Site "Baku"]
[Date "2024.07.01"]
[Round "3.22"]
[White "Ajay Santhosh Parvathareddy"]
[Black "Soham Kamotra"]
[Result "1/2-1/2"]
[ECO "E15"]
[WhiteElo "2163"]
[BlackElo "2388"]
[Annotator "RC"]
[PlyCount "108"]
[EventDate "2024.06.29"]
[EventType "swiss"]
[EventCountry "AZE"]
[SourceTitle "playchess.com"]
[Source "ChessBase"]
[SourceQuality "1"]
[TimeControl "5400+30"]

1. d4 Nf6 2. c4 e6 3. Nf3 b6 4. g3 Ba6 5. b3 Bb4+ 6. Bd2 Be7 7. Nc3 d5 8. cxd5 exd5 9. Bg2 O-O 10. O-O Re8 11. Ne5 Bb7 12. Rc1 Nbd7 13. Bf4 Nf8 14. Nb5 c5 15. dxc5 bxc5 16. Nc4 Ng6 17. Bd6 Bc6 18. Bxe7 Nxe7 19. Ncd6 Rf8 20. e4 a6 21. exd5 Nfxd5 22. Rxc5 Qb6 23. Qc1 axb5 24. Nf5 Nxf5 25. Rxc6 Qa5 26. Bxd5 Nd4 27. Qe1 Nxc6 28. Bxc6 Qxe1 29. Rxe1 Rxa2 30. Bxb5 Rb8 31. Bc4 Kf8 32. Rd1 Ke7 33. Re1+ Kf8 34. Rd1 Ke7 35. Re1+ Kf6 36. Re4 g5 37. h4 h6 38. hxg5+ hxg5 39. Rd4 Re8 40. Rd6+ Ke7 41. Rb6 Ra7 42. Kg2 Rd8 43. Kh3 Rd4 44. Rh6 Ra2 45. f3 Ra1 46. Rb6 f5 47. Re6+ Kd7 48. Re5 g4+ 49. fxg4 fxg4+ 50. Kh4 Rh1+ 51. Kg5 Rh3 52. Re3 Kd6 53. Be6 Rh8 54. Bc4 Rf8 1/2-1/2

[Event "Baku Open 2024"]
[Site "Baku"]
[Date "2024.07.01"]
[Round "3.23"]
[White "Abasov, Nijat"]
[Black "Javadov, Habil"]
[Result "1-0"]
[ECO "C10"]
[WhiteElo "2621"]
[BlackElo "2195"]
[Annotator "TA"]
[PlyCount "41"]
[EventDate "2024.06.29"]
[EventType "swiss"]
[EventCountry "AZE"]
[SourceTitle "playchess.com"]
[Source "ChessBase"]
[SourceQuality "1"]
[TimeControl "5400+30"]

1. e4 e6 2. d4 d5 3. Nc3 dxe4 4. Nxe4 Nd7 5. Nf3 Ngf6 6. Nxf6+ Nxf6 7. Be3 Nd5 8. Bd2 c5 9. Bb5+ Bd7 {[%emt 0:00:20] The position is equal.} 10. Bxd7+ Qxd7 11. c4 {[%emt 0:00:06] [#] Ne5 would now be deadly.} Nc7 12. O-O Be7 13. dxc5 {[%emt 0:05:45] Hoping for Ne5.} Bxc5 14. Ne5 Qd4 {[%emt 0:05:49] [#]} (14... Qd6 $16 {was worth a try.}) 15. Qe2 $2 ({White has to play} 15. Qh5 $1 $18 g6 16. Qe2) 15... O-O ({Better is} 15... Qxb2 $14 16. Nd3 (16. Rab1 Qxa2 17. Qf3 O-O $14) 16... Qa3) 16. Bc3 $18 Qd8 17. Rad1 Qc8 18. Nd7 Nd5 {[%emt 0:00:24] Inhibits Nf6+.} 19. Bxg7 {[%emt 0:00:11] White is clearly winning.} ({Not} 19. Nxf8 Nxc3 20. bxc3 Kxf8 $18) 19... Kxg7 20. Qg4+ ({Don't play} 20. Nxf8 Nb6 21. Nxh7 Kxh7 22. Qh5+ Kg8 $18) 20... Kh8 21. Nxf8 {[%emt 0:00:17] Weighted Error Value: White=0.29 (precise) /Black=0.77.  Loses game:     	---       	Black=2      Missed win:     	White=1     	---        Inaccurate:     	---       	Black=3      OK:         	White=9     	Black=1      Best:        	White=2     	Black=2} 1-0